 Dungeon Crawl Stone Soup version 0.13-a0-1553-g7307ddf (webtiles) character file.

345 Kae the Sneak (level 4, 0/21 HPs)
             Began as a Spriggan Enchanter on June 10, 2013.
             Slain by Ijyb
             ... wielding a +1,+0 whip of draining
              (5 damage)
             ... on Level 3 of the Dungeon.
             The game lasted 00:10:14 (4197 turns).

Kae the Sneak (Spriggan Enchanter)                  Turns: 4197, Time: 00:10:14

HP   0/21        AC  3     Str  5      XL: 4   Next: 78%
MP   2/12        EV 20     Int 16      God:
Gold 223         SH  0     Dex 17      Spells:  3 memorised,  1 level left

Res.Fire  : . . .   See Invis. : +   a - +1 dagger {=f}
Res.Cold  : . . .   Warding    : .   b - +1 robe
Life Prot.: . . .   Conserve   : .   (shield restricted)
Res.Poison: .       Res.Corr.  : .   e - +0 wizard hat
Res.Elec. : .       Clarity    : .   (no cloak)
Sust.Abil.: . .     Spirit.Shd : .   (gloves unavailable)
Res.Mut.  : .       Stasis     : .   (boots unavailable)
Res.Rott. : .       Flight     : .   (no amulet)
Saprovore : . . .                    (no ring)
                                     (no ring)

@: very quick, slightly resistant to hostile enchantments, quite stealthy
A: unfitting armour, see invisible, herbivore 3, speed 3, slow metabolism 2
a: no special abilities


You were on level 3 of the Dungeon.
You were very hungry.

You visited 1 branch of the dungeon, and saw 3 of its levels.

You collected 203 gold pieces.

Inventory:

Hand weapons
 a - a +1,+1 dagger (weapon) {=f}
Missiles
 d - 50 darts (quivered)
 j - 13 darts of frost
Armour
 b - a +1 robe (worn)
 e - a +0 wizard hat (worn)
Comestibles
 s - a meat ration
Scrolls
 g - a scroll of curse jewellery {unknown}
 i - a scroll of fog {unknown}
 n - 2 scrolls of amnesia {unknown}
 o - a scroll of enchant armour {unknown}
 p - 5 scrolls of identify {unknown}
 q - 4 scrolls of teleportation {unknown}
 v - a scroll of random uselessness {unknown}
 y - a scroll of enchant weapon I {unknown}
 z - a scroll of remove curse {unknown}
 A - a scroll of enchant weapon II {unknown}
Jewellery
 h - an uncursed amulet of conservation {unknown}
 l - an uncursed ring of ice {unknown}
 t - an uncursed amulet of inaccuracy {unknown}
 u - an uncursed amulet of resist corrosion {unknown}
 w - an uncursed amulet of stasis {unknown}
 B - a cursed -3 ring of strength {unknown}
Potions
 f - 2 potions of heal wounds {unknown}
 k - a potion of confusion {unknown}
 m - a potion of agility {unknown}
 r - a potion of resistance {unknown}
 x - 2 potions of brilliance {unknown}
 C - 2 potions of curing
Books
 c - a book of Maledictions

   Spells                             Type                      Level
   *Corona                            Hexes                        1
   Sure Blade                         Hexes/Charms                 2
   *Ensorcelled Hibernation           Hexes/Ice                    2
   *Confuse                           Hexes                        3
   Enslavement                        Hexes                        4
   Invisibility                       Hexes                        6


   Skills:
 * Level 3.2 Short Blades
 - Level 1.1 Throwing
 + Level 4.5 Dodging
 + Level 4.7 Stealth
 + Level 2.2 Spellcasting
 + Level 4.3 Hexes


You had one spell level left.
You knew the following spells:

 Your Spells              Type           Power        Failure   Level  Hunger
a - Corona                Hex            ###....      4%          1    #......
b - Ensorcelled Hibernat  Hex/Ice        #.....       14%         2    ##.....
c - Confuse               Hex            ###.....     12%         3    ####...


Dungeon Overview and Level Annotations

Branches:
Dungeon (3/27)

Altars:
Vehumet
the Shining One

Annotations
D:3 exclusion: orc priest, Ijyb; Kae's ghost, average CeHu


Innate Abilities, Weirdness & Mutations

You are tiny and cannot use many weapons and most armour.
You have supernaturally acute eyesight.
You are a herbivore.
You cover ground extremely quickly.
You need consume almost no food.


Message History

You are too injured to fight recklessly!
You are too injured to fight recklessly!
You are too injured to fight recklessly!
You are too injured to fight recklessly!
You are too injured to fight recklessly!
You hit Ijyb but do no damage.
Ijyb is heavily wounded.
Ijyb misses you.
You hit Ijyb but do no damage.
Ijyb is heavily wounded.
Ijyb hits you with a whip of draining.
* * * LOW HITPOINT WARNING * * *
You feel drained.
* * * LOW HITPOINT WARNING * * *
You hit Ijyb but do no damage.
Ijyb is heavily wounded.
You hit Ijyb but do no damage.
Ijyb is heavily wounded.
Ijyb hits you with a whip of draining.
You die...

.(......##.##...#...# #.#
........##.########.#####.#
........##.##.....#.'...g.#
##.#######.)[.###.#.####### #)#
####...#...# #.# #####..## #>##
##..#### #..### #.g....# ##...#
#.@....### #####.##### #......'.#
######## #.........# #......#.#
#....... #.###.###.#
#......#.###....... #...#.....#
#......#..##<...... ###.#########
#......##.##(...(((
o...#.......###......##..#.......
#.#######.#..)'......###(#...(...
#.).......#####......# #('((.....


You could see Ijyb.

Vanquished Creatures
  An orc wizard (D:3)
  5 adders
  3 giant geckos
  An ooze (D:2)
  13 orcs (D:3)
  2 giant cockroaches (D:2)
  10 hobgoblins
  7 bats
  3 giant newts
  8 goblins
  7 jackals
  8 kobolds
  2 quokkas
  7 rats
77 creatures vanquished.

Vanquished Creatures (others)
  An orc (D:3)
  A kobold (D:3)
2 creatures vanquished.

Grand Total: 79 creatures vanquished

Notes
Turn   | Place    | Note
--------------------------------------------------------------
     0 | D:1      | Kae, the Spriggan Enchanter, began the quest for the Orb.
     0 | D:1      | Reached XP level 1. HP: 9/9 MP: 4/4
   463 | D:1      | Reached XP level 2. HP: 4/13 MP: 6/6
   668 | D:1      | Learned a level 2 spell: Ensorcelled Hibernation
  1440 | D:2      | Reached skill level 4 in Dodging
  1440 | D:2      | Reached XP level 3. HP: 16/16 MP: 9/9
  2122 | D:2      | Reached XP level 4. HP: 21/21 MP: 11/11
  2148 | D:2      | Learned a level 3 spell: Confuse
  2450 | D:3      | Found a radiant altar of Vehumet.
  2693 | D:3      | Noticed Ijyb
  2785 | D:3      | Noticed Kae's ghost (average CeHu)
  3330 | D:3      | Reached XP level 5. HP: 24/24 MP: 9/14
  3785 | D:3      | Found a glowing golden altar of the Shining One.
  4178 | D:3      | Reached XP level 4. HP: 11/21 MP: 3/12
  4197 | D:3      | Slain by Ijyb

Action                   |  1- 3 |  4- 6 || total
-------------------------+-------+-------++-------
Melee: Dagger            |   141 |    99 ||   240
Throw: Dart              |       |    64 ||    64
 Cast: Ensorcelled Hiber |    27 |    62 ||    89
       Confuse           |       |     6 ||     6
  Use: Potion            |       |     1 ||     1
 Stab: Sleeping          |    25 |    22 ||    47
       Confused          |       |     1 ||     1
